Workbook
Name ISFOXLabelingDefaultPosition: "FooterMiddle"
Name Print_Titles1: 'VP Food'!$1:$16

Sheet VP Food
A1: ООО "Профгигиена" | D1: Комментарии по статусу: Новинка - позиция, введенная в ассортимент в течение последних 6 мес. Хит-Продаж - самые популярные продукты Vileda Professional. Акция - позиция, на которую в данный момент действуют условия промо-акции. Подробные условия текущих акций смотрите на сайте компании, а также узнавайте детали у вашего менеджера. Сроки акций ограничены. Распродажа - позиция, которая в ближайшее время будет выведена из ассортимента или переведена в статус "Под заказ". Действует до окончания продукции на складе. Под заказ - позиция, которая есть на складе в минимальном объеме после единоразовой поставки или которой нет в наличии на постоянной основе. Средний срок поставки при отсутствии товара на складе: 6-8 недель. Цены на продукты с пометкой "Под заказ" указаны по состоянию на текущий момент. Актуальную цену и наличие товара на складе уточняйте у вашего менеджера Vileda Professional.
A2: г. Москва, ул. Мневники, 1
A3: 8 (926) 522-94-91
A9: ПРАЙС-ЛИСТ НА ПРОДУКЦИЮ VILEDA PROFESSIONAL
A10: Ассортимент для пищевых производств, санаторно-курортных и других объектов
A11: 45689 | C11: обновлено 20 января 2025
A12: GUID | B12: 6d58ba6f-6807-4891-a180-51867c2dd2bb
A13: NAME | B13: FOOD
A14: DATE | B14: =A11 -> 45689
A16: Артикул SAP | B16: Изображение | C16: Название продукции | D16: Статус | E16: Цвет / Другое | F16: Размер / Объем | G16: шт.ук в уп. | H16: Уп в кор. | I16: Рек. цена за шт, с НДС | J16: Назначение | K16: Категория
A17: ПРОТИРКА ПОВЕРХНОСТЕЙ
A18: Салфетки из микроволокна
A19: Многоразовые
A20: 170635 | C20: Салфетка р-МикронКвик, синий (вместо арт. 152109) | D20: Хит-Продаж! | E20: синий | F20: 40х38 см | G20: 5 | H20: 20 | I20: 569 | J20: Ежедневная очистка поверхностей от загрязнений, от отпечатков пальцев, бактерий и вирусов; чистовая (финишная) протирка. Любые гладкие поверхности: зеркальные, стеклянные, хромированные, стальные, глянцевые, керамические, полированные, деликатные. | K20: Салфетки
A21: 170636 | C21: Салфетка р-МикронКвик, красный (вместо арт. 152110) | D21: Хит-Продаж! | E21: красный | F21: 40х38 см | G21: 5 | H21: 20 | I21: 569 | J21: Ежедневная очистка поверхностей от загрязнений, от отпечатков пальцев, бактерий и вирусов; чистовая (финишная) протирка. Любые гладкие поверхности: зеркальные, стеклянные, хромированные, стальные, глянцевые, керамические, полированные, деликатные. | K21: Салфетки
A22: 170638 | C22: Салфетка р-МикронКвик, желтый (вместо арт. 152111) | D22: Хит-Продаж! | E22: желтый | F22: 40х38 см | G22: 5 | H22: 20 | I22: 569 | J22: Ежедневная очистка поверхностей от загрязнений, от отпечатков пальцев, бактерий и вирусов; чистовая (финишная) протирка. Любые гладкие поверхности: зеркальные, стеклянные, хромированные, стальные, глянцевые, керамические, полированные, деликатные. | K22: Салфетки
A23: 170637 | C23: Салфетка р-МикронКвик, зеленый (вместо арт. 152112) | D23: Хит-Продаж! | E23: зеленый | F23: 40х38 см | G23: 5 | H23: 20 | I23: 569 | J23: Ежедневная очистка поверхностей от загрязнений, от отпечатков пальцев, бактерий и вирусов; чистовая (финишная) протирка. Любые гладкие поверхности: зеркальные, стеклянные, хромированные, стальные, глянцевые, керамические, полированные, деликатные. | K23: Салфетки
A24: 128425 | C24: Салфетка ТиТауэл Микро, белый/синий | E24: белый/синий | F24: 60х40 см | G24: 3 | H24: 30 | I24: 979 | J24: Протирка, осушение, полировка бокалов, тарелок, столовых приборов и глянцевых поверхностей на предприятиях общественного питания, таких как рестораны, бары, кафе и столовые. Типы поверхностей: стеклянные, хрустальные, керамические, фарфоровые, зеркальные, хромированные, глянцевые, полированные, деликатные. | K24: Салфетки
A25: 143590 | C25: Салфетка ПВАмикро, синий | D25: Хит-Продаж! | E25: синий | F25: 38х35 см | G25: 5 | H25: 20 | I25: 499 | J25: Ежедневная универсальная очистка поверхностей большой площади; чистовая (финишная) протирка. Убирает пыль, сор, бактерии, вирусы, жидкости, отпечатки пальцев, известковый налет. Любые поверхности, включая глянцевые, сантехнические краны, мониторы и электроприборы. | K25: Салфетки
A26: 143591 | C26: Салфетка ПВАмикро, красный | D26: Хит-Продаж! | E26: красный | F26: 38х35 см | G26: 5 | H26: 20 | I26: 499 | J26: Ежедневная универсальная очистка поверхностей большой площади; чистовая (финишная) протирка. Убирает пыль, сор, бактерии, вирусы, жидкости, отпечатки пальцев, известковый налет. Любые поверхности, включая глянцевые, сантехнические краны, мониторы и электроприборы. | K26: Салфетки
A27: 143592 | C27: Салфетка ПВАмикро, желтый | D27: Хит-Продаж! | E27: желтый | F27: 38х35 см | G27: 5 | H27: 20 | I27: 499 | J27: Ежедневная универсальная очистка поверхностей большой площади; чистовая (финишная) протирка. Убирает пыль, сор, бактерии, вирусы, жидкости, отпечатки пальцев, известковый налет. Любые поверхности, включая глянцевые, сантехнические краны, мониторы и электроприборы. | K27: Салфетки
A28: 143593 | C28: Салфетка ПВАмикро, зеленый | D28: Хит-Продаж! | E28: зеленый | F28: 38х35 см | G28: 5 | H28: 20 | I28: 499 | J28: Ежедневная универсальная очистка поверхностей большой площади; чистовая (финишная) протирка. Убирает пыль, сор, бактерии, вирусы, жидкости, отпечатки пальцев, известковый налет. Любые поверхности, включая глянцевые, сантехнические краны, мониторы и электроприборы. | K28: Салфетки
A29: 174046 | C29: Салфетка ПУРмикро Актив, синий | D29: Новинка! | E29: синий | F29: 38х35 см | G29: 5 | H29: 20 | I29: 329 | J29: Ежедневная универсальная очистка любых поверхностей. Убирает пыль, сор, жировые загрязнения, бактерии, вирусы, впитывает жидкости. | K29: Салфетки
A30: 174048 | C30: Салфетка ПУРмикро Актив, красный | D30: Новинка! | E30: красный | F30: 38х35 см | G30: 5 | H30: 20 | I30: 329 | J30: Ежедневная универсальная очистка любых поверхностей. Убирает пыль, сор, жировые загрязнения, бактерии, вирусы, впитывает жидкости. | K30: Салфетки
A31: 174072 | C31: Салфетка ПУРмикро Актив, желтый | D31: Новинка! | E31: желтый | F31: 38х35 см | G31: 5 | H31: 20 | I31: 329 | J31: Ежедневная универсальная очистка любых поверхностей. Убирает пыль, сор, жировые загрязнения, бактерии, вирусы, впитывает жидкости. | K31: Салфетки
A32: 174070 | C32: Салфетка ПУРмикро Актив, зеленый | D32: Новинка! | E32: зеленый | F32: 38х35 см | G32: 5 | H32: 20 | I32: 329 | J32: Ежедневная универсальная очистка любых поверхностей. Убирает пыль, сор, жировые загрязнения, бактерии, вирусы, впитывает жидкости. | K32: Салфетки
A33: 174044 | C33: Салфетка ПУРмикро Актив, серый | D33: Новинка! | E33: серый | F33: 38х35 см | G33: 5 | H33: 20 | I33: 329 | J33: Ежедневная универсальная очистка любых поверхностей. Убирает пыль, сор, жировые загрязнения, бактерии, вирусы, впитывает жидкости. | K33: Салфетки
A34: 174192 | C34: Салфетка р-МикроТафф Плюс, синий (вместо арт. 169918) | D34: Новый артикул! | E34: синий | F34: 38х38 см | G34: 5 | H34: 20 | I34: 479 | J34: Очистка поверхностей, генеральная уборка, сбор мусора, пыли и грязи. В сухом виде - удаление отпечатков пальцев и жира; полировка хрома, металла, глянца, камня; полировка после нанесения химии для защиты поверхностей; сбор мусора в номерах перед влажной протиркой. Любые поверхности, сильнозагрязненные участки. | K34: Салфетки
A35: 174201 | C35: Салфетка р-МикроТафф Плюс, красный (вместо арт. 169925) | D35: Новый артикул! | E35: красный | F35: 38х38 см | G35: 5 | H35: 20 | I35: 479 | J35: Очистка поверхностей, генеральная уборка, сбор мусора, пыли и грязи. В сухом виде - удаление отпечатков пальцев и жира; полировка хрома, металла, глянца, камня; полировка после нанесения химии для защиты поверхностей; сбор мусора в номерах перед влажной протиркой. Любые поверхности, сильнозагрязненные участки. | K35: Салфетки
A36: 174205 | C36: Салфетка р-МикроТафф Плюс, желтый (вместо арт. 169923) | D36: Новый артикул! | E36: желтый | F36: 38х38 см | G36: 5 | H36: 20 | I36: 479 | J36: Очистка поверхностей, генеральная уборка, сбор мусора, пыли и грязи. В сухом виде - удаление отпечатков пальцев и жира; полировка хрома, металла, глянца, камня; полировка после нанесения химии для защиты поверхностей; сбор мусора в номерах перед влажной протиркой. Любые поверхности, сильнозагрязненные участки. | K36: Салфетки
... A41: 174180 | C41: Салфетка р-МикроТафф Бэйс, зеленый (вместо арт. 169911) | D41: Новый артикул! | E41: зеленый | F41: 36х36 см | G41: 5 | H41: 20 | I41: 219 | J41: Ежедневная очистка поверхностей, сбор мусора, пыли и грязи. В сухом виде - удаление отпечатков пальцев и жира. Любые поверхности, сильнозагрязненные участки. | K41: Салфетки
A42: Одноразовые и краткосрочные
A43: 166866 | C43: Салфетка МикронРолл СейфПлюс Мини в рулоне, синий (цена за отрыв) | E43: синий | F43: 30х28 см | G43: 30 | H43: 10 | I43: 24 | J43: Ежедневная протирка, уборка бактерий и вирусов, а также дезинфекция поверхностей. Дополнительная протирка в период эпидемий. Подходят для любых объектов, включая режимные и с высокими требованиями к гигиене. Используются с диспенсером СейфПлюс Мини. Одноразовые. | K43: Салфетки одноразовые
A44: 166870 | C44: Салфетка МикронРолл СейфПлюс Мини в рулоне, красный (цена за отрыв) | E44: красный | F44: 30х28 см | G44: 30 | H44: 10 | I44: 24 | J44: Ежедневная протирка, уборка бактерий и вирусов, а также дезинфекция поверхностей. Дополнительная протирка в период эпидемий. Подходят для любых объектов, включая режимные и с высокими требованиями к гигиене. Используются с диспенсером СейфПлюс Мини. Одноразовые. | K44: Салфетки одноразовые
A45: 166872 | C45: Салфетка МикронРолл СейфПлюс Мини в рулоне, желтый (цена за отрыв) | E45: желтый | F45: 30х28 см | G45: 30 | H45: 10 | I45: 24 | J45: Ежедневная протирка, уборка бактерий и вирусов, а также дезинфекция поверхностей. Дополнительная протирка в период эпидемий. Подходят для любых объектов, включая режимные и с высокими требованиями к гигиене. Используются с диспенсером СейфПлюс Мини. Одноразовые. | K45: Салфетки одноразовые
A46: 166868 | C46: Салфетка МикронРолл СейфПлюс Мини в рулоне, зеленый (цена за отрыв) | E46: зеленый | F46: 30х28 см | G46: 30 | H46: 10 | I46: 24 | J46: Ежедневная протирка, уборка бактерий и вирусов, а также дезинфекция поверхностей. Дополнительная протирка в период эпидемий. Подходят для любых объектов, включая режимные и с высокими требованиями к гигиене. Используются с диспенсером СейфПлюс Мини. Одноразовые. | K46: Салфетки одноразовые
A47: 166876 | C47: Диспенсер СейфПлюс Мини. Салфетки МикронРолл СейфПлюс Мини в рулоне, синий, 1 уп - в подарок! | E47: серо-голубой | F47: 11х10,5х27 см | G47: 1 | H47: 4 | I47: 7299 | J47: Используется с микроволоконными салфетками МикронРолл СейфПлюс Мини в рулонах для протирки и дезинфекции поверхностей. Совместимы с тележками Ориго 2, УльтраСпид Мини, а также могут размещаться в любом другом удобном месте. | K47: Салфетки одноразовые
A48: 166914 | C48: Салфетка МикронРолл СейфПлюс Макси в рулоне, синий (цена за отрыв) | E48: синий | F48: 30х28 см | G48: 120 | H48: 6 | I48: 20 | J48: Ежедневная протирка, уборка бактерий и вирусов, а также дезинфекция поверхностей. Дополнительная протирка в период эпидемий. Подходят для любых объектов, включая режимные и с высокими требованиями к гигиене. Используются с диспенсером СейфПлюс Макси. Одноразовые. | K48: Салфетки одноразовые
A49: 166916 | C49: Салфетка МикронРолл СейфПлюс Макси в рулоне, красный (цена за отрыв) | E49: красный | F49: 30х28 см | G49: 120 | H49: 6 | I49: 20 | J49: Ежедневная протирка, уборка бактерий и вирусов, а также дезинфекция поверхностей. Дополнительная протирка в период эпидемий. Подходят для любых объектов, включая режимные и с высокими требованиями к гигиене. Используются с диспенсером СейфПлюс Макси. Одноразовые. | K49: Салфетки одноразовые
A50: 166917 | C50: Салфетка МикронРолл СейфПлюс Макси в рулоне, желтый (цена за отрыв) | E50: желтый | F50: 30х28 см | G50: 120 | H50: 6 | I50: 20 | J50: Ежедневная протирка, уборка бактерий и вирусов, а также дезинфекция поверхностей. Дополнительная протирка в период эпидемий. Подходят для любых объектов, включая режимные и с высокими требованиями к гигиене. Используются с диспенсером СейфПлюс Макси. Одноразовые. | K50: Салфетки одноразовые
A51: 166915 | C51: Салфетка МикронРолл СейфПлюс Макси в рулоне, зеленый (цена за отрыв) | E51: зеленый | F51: 30х28 см | G51: 120 | H51: 6 | I51: 20 | J51: Ежедневная протирка, уборка бактерий и вирусов, а также дезинфекция поверхностей. Дополнительная протирка в период эпидемий. Подходят для любых объектов, включая режимные и с высокими требованиями к гигиене. Используются с диспенсером СейфПлюс Макси. Одноразовые. | K51: Салфетки одноразовые
A52: 166920 | C52: Диспенсер СейфПлюс Макси (с крышкой) | E52: серо-голубой | F52: 24х18х21 см | G52: 1 | H52: 4 | I52: 6499 | J52: Используется с микроволоконными салфетками МикронРолл СейфПлюс Макси в рулонах для протирки и дезинфекции поверхностей. Совместимы с тележками Ориго 2, а также могут размещаться в любом другом удобном месте. | K52: Салфетки одноразовые
A53: 167772 | C53: Крышка СейфПлюс Макси в сборе (для ведра Ориго 2) | D53: Под заказ | E53: прозр/син | F53: 24х18х4 см | G53: 1 | H53: 5 | I53: 5199 | J53: Защита от испарения дезинфектанта и подача салфеток из диспенсера СейфПлюс Мини, арт.166920 | K53: Салфетки одноразовые
A54: 149042 | C54: Салфетка МикроРолл в рулоне, белый (цена за отрыв) | E54: белый | F54: 32х25 см | G54: 200 | H54: 4 | I54: 37 | J54: Уборка бактерий и вирусов, ежедневных загрязнений, чистовая (финишная) протирка любых поверхностей. Рекомендованы для уборки в период эпидемий. Одноразовые. | K54: Салфетки одноразовые
A55: 170353 | C55: Салфетка р-МикронСоло в рулоне, синий (вместо артикула 160104) (цена за отрыв) | E55: синий | F55: 32х25 см | G55: 180 | H55: 4 | I55: 18 | J55: Ежедневная протирка, уборка бактерий и вирусов. Дополнительная протирка в период эпидемий. Подходят для любых объектов, включая режимные и с высокими требованиями к гигиене. Одноразовые. | K55: Салфетки одноразовые
A56: 170355 | C56: Салфетка р-МикронСоло в рулоне, красный (вместо артикула 160105) (цена за отрыв) | E56: красный | F56: 32х25 см | G56: 180 | H56: 4 | I56: 18 | J56: Ежедневная протирка, уборка бактерий и вирусов. Дополнительная протирка в период эпидемий. Подходят для любых объектов, включая режимные и с высокими требованиями к гигиене. Одноразовые. | K56: Салфетки одноразовые
A57: 170358 | C57: Салфетка р-МикронСоло в рулоне, желтый (вместо артикула 160106) (цена за отрыв) | E57: желтый | F57: 32х25 см | G57: 180 | H57: 4 | I57: 18 | J57: Ежедневная протирка, уборка бактерий и вирусов. Дополнительная протирка в период эпидемий. Подходят для любых объектов, включая режимные и с высокими требованиями к гигиене. Одноразовые. | K57: Салфетки одноразовые
A58: 170361 | C58: Салфетка р-МикронСоло в рулоне, зеленый (вместо артикула 160107) (цена за отрыв) | E58: зеленый | F58: 32х25 см | G58: 180 | H58: 4 | I58: 18 | J58: Ежедневная протирка, уборка бактерий и вирусов. Дополнительная протирка в период эпидемий. Подходят для любых объектов, включая режимные и с высокими требованиями к гигиене. Одноразовые. | K58: Салфетки одноразовые
A59: 170363 | C59: Салфетка р-МикронСоло в рулоне, белый (вместо артикула на 160108) (цена за отрыв) | D59: Новый артикул! | E59: белый | F59: 32х25 см | G59: 180 | H59: 4 | I59: 18 | J59: Ежедневная протирка, уборка бактерий и вирусов. Дополнительная протирка в период эпидемий. Подходят для любых объектов, включая режимные и с высокими требованиями к гигиене. Одноразовые. | K59: Салфетки одноразовые
A60: 170343 | C60: Салфетка р-МикронСоло, синий (вместо арт. 160100) | D60: Распродажа, вывод | E60: синий | F60: 40х30 см | G60: 100 | H60: 5 | I60: 24 | J60: Ежедневная протирка, уборка бактерий и вирусов. Дополнительная протирка в период эпидемий. Подходят для любых объектов, включая режимные и с высокими требованиями к гигиене. Одноразовые. | K60: Салфетки одноразовые
A61: 170345 | C61: Салфетка р-МикронСоло, красный (вместо арт. 160101) | D61: Распродажа, вывод | E61: красный | F61: 40х30 см | G61: 100 | H61: 5 | I61: 24 | J61: Ежедневная протирка, уборка бактерий и вирусов. Дополнительная протирка в период эпидемий. Подходят для любых объектов, включая режимные и с высокими требованиями к гигиене. Одноразовые. | K61: Салфетки одноразовые
A62: 160102 | C62: Салфетка МикронСоло, желтый (смена артикула на 170347) | D62: Распродажа, вывод | E62: желтый | F62: 40х30 см | G62: 100 | H62: 5 | I62: 24 | J62: Ежедневная протирка, уборка бактерий и вирусов. Дополнительная протирка в период эпидемий. Подходят для любых объектов, включая режимные и с высокими требованиями к гигиене. Одноразовые. | K62: Салфетки одноразовые
A63: 170351 | C63: Салфетка р-МикронСоло, зеленый (вместо арт. 160103) | D63: Распродажа, вывод | E63: зеленый | F63: 40х30 см | G63: 100 | H63: 5 | I63: 24 | J63: Ежедневная протирка, уборка бактерий и вирусов. Дополнительная протирка в период эпидемий. Подходят для любых объектов, включая режимные и с высокими требованиями к гигиене. Одноразовые. | K63: Салфетки одноразовые
A64: 129460 | C64: Диспенсер для салфеток в рулоне | D64: Под заказ | E64: Серый | F64: 29,8х16,2 см | G64: 1 | H64: 4 | I64: 8099 | J64: Используется с салфетками МикроРолл, р-МикронСоло в рулоне. Можно разместить на тележке Ориго 2 или повесить на стену. | K64: Салфетки одноразовые
A65: 161616 | C65: Салфетка Бризи, синий | E65: синий | F65: 36x35 см | G65: 25 | H65: 12 | I65: 72 | J65: Быстрая уборка поверхностей от пыли и сора разного размера, сбор малого количества влаги. Подходит для протирки столов в HoReCa. | K65: Салфетки
A66: 161617 | C66: Салфетка Бризи, красный | E66: красный | F66: 36x35 см | G66: 25 | H66: 12 | I66: 72 | J66: Быстрая уборка поверхностей от пыли и сора разного размера, сбор малого количества влаги. Подходит для протирки столов в HoReCa. | K66: Салфетки
A67: 161618 | C67: Салфетка Бризи, желтый | E67: желтый | F67: 36x35 см | G67: 25 | H67: 12 | I67: 72 | J67: Быстрая уборка поверхностей от пыли и сора разного размера, сбор малого количества влаги. Подходит для протирки столов в HoReCa. | K67: Салфетки
A68: 161619 | C68: Салфетка Бризи, зеленый | E68: зеленый | F68: 36x35 см | G68: 25 | H68: 12 | I68: 72 | J68: Быстрая уборка поверхностей от пыли и сора разного размера, сбор малого количества влаги. Подходит для протирки столов в HoReCa. | K68: Салфетки
A69: 101029 | C69: Салфетка Универсальная, синий | E69: синий | F69: 40х38 см | G69: 10 | H69: 10 | I69: 63 | J69: Протирка поверхностей, уборка большого объема загрязнений, сбор влаги. | K69: Салфетки
A70: 101030 | C70: Салфетка Универсальная, красный | E70: красный | F70: 40х38 см | G70: 10 | H70: 4 | I70: 63 | J70: Протирка поверхностей, уборка большого объема загрязнений, сбор влаги. | K70: Салфетки
A71: 101032 | C71: Салфетка Универсальная, желтый | E71: желтый | F71: 40х38 см | G71: 10 | H71: 4 | I71: 63 | J71: Протирка поверхностей, уборка большого объема загрязнений, сбор влаги. | K71: Салфетки
A72: 101031 | C72: Салфетка Универсальная, зеленый | E72: зеленый | F72: 40х38 см | G72: 10 | H72: 4 | I72: 63 | J72: Протирка поверхностей, уборка большого объема загрязнений, сбор влаги. | K72: Салфетки
A73: 100844 | C73: Салфетка ДжиПи Плюс, синий | E73: синий | F73: 50х35 см | G73: 25 | H73: 6 | I73: 47 | J73: Уборка ежедневных загрязнений, в том числе для протирки столов в предприятиях общественного питания. | K73: Салфетки
A74: 100843 | C74: Салфетка ДжиПи Плюс, красный | E74: красный | F74: 50х35 см | G74: 25 | H74: 6 | I74: 47 | J74: Уборка ежедневных загрязнений, в том числе для протирки столов в предприятиях общественного питания. | K74: Салфетки
A75: 100846 | C75: Салфетка ДжиПи Плюс, желтый | E75: желтый | F75: 50х35 см | G75: 25 | H75: 6 | I75: 47 | J75: Уборка ежедневных загрязнений, в том числе для протирки столов в предприятиях общественного питания. | K75: Салфетки
A76: 100845 | C76: Салфетка ДжиПи Плюс, зеленый | E76: зеленый | F76: 50х35 см | G76: 25 | H76: 6 | I76: 47 | J76: Уборка ежедневных загрязнений, в том числе для протирки столов в предприятиях общественного питания. | K76: Салфетки
... A79: 111683 | C79: Салфетка-губка Веттекс Классик, желтый | E79: желтый | F79: 20х18 см | G79: 10 | H79: 14 | I79: 89 | J79: Быстрый сбор влаги, проливов жидкости и протирка влажных поверхностей. | K79: Салфетки
A80: Системы по протирке поверхностей
A81: 151614 | C81: Держатель насадок МультиДастер | E81: серо-голубой | F81: 66 см | G81: 1 | H81: 10 | I81: 5689 | J81: Уборка вертикальных и горизонтальных поверхностей различной формы, в том числе узких, труднодоступных и удаленных. Например: поручни, радиаторы, шкафчики, перекладины, трубы, оборудование и пр. | K81: Системы по протирке поверхностей
A82: 171662 | C82: Насадка Дуо р-МикроПлюс МультиДастер Свеп Про, 4 цв. код. (вместо арт. 151723) | D82: Новинка! | E82: серый | F82: 46,5 х 10 см | G82: 1 | H82: 20 | I82: 3579 | J82: Насадка для уборки вертикальных и горизонтальных поверхностей различной формы, в том числе узких, труднодоступных и удаленных. Например: поручни, радиаторы, шкафчики, перекладины, трубы, оборудование и пр. | K82: Системы по протирке поверхностей
A83: 171654 | C83: Моп варежка Дуо р-МикроПлюс Свеп Про для ручной уборки (вместо арт. 536359) | D83: Новинка! | E83: серый | F83: 29 х 16 см | G83: 1 | H83: 10 | I83: 4869 | J83: Ручная протирка труднодоступных поверхностей - перила, поручни, ножки мебели, тренажеры, ограждения, перегородки, дверные ручки, мебельная фурнитура и др. Очистка мягкой мебели. Очистка застарелых и присохших загрязнений. | K83: Системы по протирке поверхностей
A84: 173109 | C84: Моп Дуо Интерио Свеп Про 35 см с 4 цв. код. (вместо арт. 146499, 143869, 143849) (совместим с держателями 143063 и 171336) | D84: Новинка! | E84: синий | F84: 35 см | G84: 1 | H84: 10 | I84: 4869 | J84: Уборка поверхностей выше пола методом Свеп Про - мытье перегородок, столов, стеновых панелей, зеркал. Любые поверхности. | K84: Системы по протирке поверхностей
A85: АБРАЗИВЫ ДЛЯ ОЧИСТКИ ПОВЕРХНОСТЕЙ
A86: Губки ПурАктив
A87: 123118 | C87: Губка ПурАктив, синий | D87: Хит-Продаж! | E87: синий/зеленый | F87: 14х6,3х4,5 см | G87: 10 | H87: 10 | I87: 189 | J87: Точечная ручная очистка, бережная оттирка въевшихся загрязнений. | K87: Абразивы
A88: 123116 | C88: Губка ПурАктив, красный | D88: Хит-Продаж! | E88: красный/зеленый | F88: 14х6,3х4,5 см | G88: 10 | H88: 10 | I88: 189 | J88: Точечная ручная очистка, бережная оттирка въевшихся загрязнений. | K88: Абразивы
A89: 123117 | C89: Губка ПурАктив, желтый | D89: Хит-Продаж! | E89: желтый/зеленый | F89: 14х6,3х4,5 см | G89: 10 | H89: 10 | I89: 189 | J89: Точечная ручная очистка, бережная оттирка въевшихся загрязнений. | K89: Абразивы
A90: 123115 | C90: Губка ПурАктив, зеленый | D90: Хит-Продаж! | E90: зеленый/зеленый | F90: 14х6,3х4,5 см | G90: 10 | H90: 10 | I90: 189 | J90: Точечная ручная очистка, бережная оттирка въевшихся загрязнений. | K90: Абразивы
A91: Прочие губки
A92: 535895 | C92: Губка Деликатная, синий абразив | E92: желтый/синий | F92: 16,5х13 см | G92: 1 | H92: 44 | I92: 389 | J92: Ручная очистка загрязнений и налета на больших свободных поверхностях, например, в санитарных зонах. Ванные, включая акриловые и чугунные, плитка, стекла, зеркала, хромированные, керамические, пластиковые поверхности, нержавеющая сталь. | K92: Абразивы
A93: 102562 | C93: Губка Минимальная жесткость, белый абразив, синий | E93: синий/белый | F93: 15х7 см | G93: 10 | H93: 10 | I93: 189 | J93: Ручная бережная очистка очистка слабогрязненных поверхностей, а также полировка. Керамическая плитка, стекло, мрамор, рабочие поверхности и оборудование на кухне, холодильники, микроволновые печи, посуда с тефлоновым покрытием, сантехника, смесители и другие деликатные поверхности. | K93: Абразивы
A94: 102563 | C94: Губка Минимальная жесткость, белый абразив, красный | E94: красный/белый | F94: 15х7 см | G94: 10 | H94: 10 | I94: 189 | J94: Ручная бережная очистка очистка слабогрязненных поверхностей, а также полировка. Керамическая плитка, стекло, мрамор, рабочие поверхности и оборудование на кухне, холодильники, микроволновые печи, посуда с тефлоновым покрытием, сантехника, смесители и другие деликатные поверхности. | K94: Абразивы
A95: 102564 | C95: Губка Минимальная жесткость, белый абразив, желтый | E95: желтый/белый | F95: 15х7 см | G95: 10 | H95: 10 | I95: 189 | J95: Ручная бережная очистка очистка слабогрязненных поверхностей, а также полировка. Керамическая плитка, стекло, мрамор, рабочие поверхности и оборудование на кухне, холодильники, микроволновые печи, посуда с тефлоновым покрытием, сантехника, смесители и другие деликатные поверхности. | K95: Абразивы
A96: 102561 | C96: Губка Минимальная жесткость, белый абразив, зеленый | E96: зеленый/белый | F96: 15х7 см | G96: 10 | H96: 10 | I96: 189 | J96: Ручная бережная очистка очистка слабогрязненных поверхностей, а также полировка. Керамическая плитка, стекло, мрамор, рабочие поверхности и оборудование на кухне, холодильники, микроволновые печи, посуда с тефлоновым покрытием, сантехника, смесители и другие деликатные поверхности. | K96: Абразивы
A97: 125604 | C97: Губка Средняя жесткость, зеленый абразив | E97: желтый/зеленый | F97: 9,5х7 см | G97: 10 | H97: 10 | I97: 89 | J97: Ручная очистка поверхностей от сильных загрязнений, например, пригоревшие продукты или кальциевые отложения. Посуда, противни, печи, поверхности и другое оборудование на кухне, керамическая плитка, керамогранит, стекло, зеркала, сантехника и другие неделикатные поверхности. | K97: Абразивы
A98: 101397 | C98: Губка Средняя жесткость, зеленый абразив | E98: желтый/зеленый | F98: 15х7 см | G98: 10 | H98: 10 | I98: 129 | J98: Ручная очистка поверхностей от сильных загрязнений, например, пригоревшие продукты или кальциевые отложения. Посуда, противни, печи, поверхности и другое оборудование на кухне, керамическая плитка, керамогранит, стекло, зеркала, сантехника и другие неделикатные поверхности. | K98: Абразивы
A99: 102565 | C99: Губка Максимальная жесткость, черный абразив | E99: желтый/черный | F99: 15х7 см | G99: 10 | H99: 10 | I99: 169 | J99: Ручная очистка поверхностей от нагара и налета, а также удаление сложных загрязнений и въевшихся пятен. Керамическая плитка, керамогранит, другие устойчивые к абразиву поверхности. | K99: Абразивы
A100: Металлические спирали
A101: 100787 | C101: Спираль очищающая Инокс | D101: Хит-Продаж! | E101: металл | F101: 40 г | G101: 10 | H101: 5 | I101: 189 | J101: Интенсивная очистка неделикатных поверхностей от присохших и пригоревших загрязнений, таких как затвердевший жир, пригар, остатки пищи и накипь. Кухонное оборудование, печи, духовые шкафы, противни, грили, кастрюли и сковородки, чугун, нержавеющая сталь, алюминий, стекло, керамические и хромированные. | K101: Абразивы
A102: 100788 | C102: Спираль очищающая Инокс | D102: Хит-Продаж! | E102: металл | F102: 60 г | G102: 10 | H102: 5 | I102: 249 | J102: Интенсивная очистка неделикатных поверхностей от присохших и пригоревших загрязнений, таких как затвердевший жир, пригар, остатки пищи и накипь. Кухонное оборудование, печи, духовые шкафы, противни, грили, кастрюли и сковородки, чугун, нержавеющая сталь, алюминий, стекло, керамические и хромированные. | K102: Абразивы
A103: Ручные пады, держатели падов
A104: 114911 | C104: Пад ручной Суперпад, белый | E104: белый | F104: 26x12х2 см | G104: 5 | H104: 5 | I104: 469 | J104: Ручная бережная очистка слабогрязненных поверхностей, полировка, кристаллизация мрамора, послестроительная уборка, очистка и полировка посуды, инвентаря, кухонных принадлежностей и поверхностей. Керамическая плитка, кафель, стекло, любые напольные покрытия, плинтусы, а также мрамор и другие деликатные поверхности. | K104: Абразивы
A105: 114908 | C105: Пад ручной Суперпад, зеленый | E105: зеленый | F105: 26x12х2 см | G105: 5 | H105: 5 | I105: 469 | J105: Ручная точечная очистка сильных загрязнений, таких как пригоревшие продукты, въевшиеся пятна, черные полосы от обуви, кальциевые отложения; послестроительная уборка; очистка посуды, инвентаря, кухонных принадлежностей и поверхностей, контактирующих с пищевыми продуктами. Керамическая плитка, керамогранит, стекло, противни, печи, чугун и другие неделикатные поверхности. | K105: Абразивы
A106: 114909 | C106: Пад ручной Суперпад, черный | E106: черный | F106: 26x12х2 см | G106: 5 | H106: 5 | I106: 489 | J106: Ручная точечная очистка от присохших и въевшихся загрязнений; послестроительная уборка; снятие полимерного слоя с напольного покрытия; очистка посуды, инвентаря, кухонных принадлежностей и поверхностей, контактирующих с пищевыми продуктами. Керамические, кафель, бетон, сильно поврежденные и другие грубые, устойчивые к абразиву поверхности. | K106: Абразивы
A107: 108727 | C107: Пад ручной Стандарт, белый | E107: белый | F107: 22х15х0,8 см | G107: 10 | H107: 10 | I107: 229 | J107: Деликатный абразив. Не содержит агрессивных абразивных частиц, которые могут повредить поверхности. | K107: Абразивы
A108: 108817 | C108: Пад ручной Стандарт, зеленый | E108: зеленый | F108: 22х15х0,9 см | G108: 10 | H108: 10 | I108: 229 | J108: Ручная точечная очистка сильных загрязнений, таких как пригоревшие продукты, въевшиеся пятна, черные полосы от обуви, кальциевые отложения; послестроительная уборка; очистка посуды, инвентаря, кухонных принадлежностей и поверхностей, контактирующих с пищевыми продуктами. Керамическая плитка, керамогранит, стекло, противни, печи, чугун и другие неделикатные поверхности. | K108: Абразивы
A109: 163172 | C109: Пад ручной Стандарт, черный | E109: черный | F109: 22х15х1,2 см | G109: 10 | H109: 10 | I109: 309 | J109: Ручная точечная очистка от присохших и въевшихся загрязнений; послестроительная уборка; снятие полимерного слоя с напольного покрытия; очистка посуды, инвентаря, кухонных принадлежностей и поверхностей, контактирующих с пищевыми продуктами. Керамические, кафель, бетон, сильно поврежденные и другие грубые, устойчивые к абразиву поверхности. | K109: Абразивы
A110: 512992 | C110: Держатель пада ПадБой ручной | E110: серый | F110: 24,6х10,4 см | G110: 1 | H110: 10 | I110: 2899 | J110: Фиксация пада и эргономичная очистка пола, стен, потолков, оборудования, плинтусов и других поверхностей от загрязнений; послестроительная уборка. | K110: Абразивы
A111: 512993 | C111: Держатель пада ПадМастер (совместим с ручками арт. 111389, 119967, 512413, 506267) | E111: серый | F111: 24,6х10,4 см | G111: 1 | H111: 10 | I111: 3199 | J111: Фиксация пада и очистка удаленных и труднодоступных поверхностей от загрязнений - пола, стен, потолков, оборудования, плинтусов; послестроительная уборка. | K111: Абразивы
A112: УБОРКА ПОЛА
...

Sheet Страны, ТНВЭД
A1: Артикул | B1: Страна | C1: Страна | D1: ТНВЭД
A2: 170635 | B2: IT | C2: Италия с 08.2023 | D2: 5603139000 | E2: =VLOOKUP(A2,'VP Food'!A:B,1,0) -> 170635
A3: 170636 | B3: IT | C3: Италия с 08.2023 | D3: 5603139000 | E3: =VLOOKUP(A3,'VP Food'!A:B,1,0) -> 170636
A4: 170638 | B4: IT | C4: Италия с 08.2023 | D4: 5603139000 | E4: =VLOOKUP(A4,'VP Food'!A:B,1,0) -> 170638
A5: 170637 | B5: IT | C5: Италия с 08.2023 | D5: 5603139000 | E5: =VLOOKUP(A5,'VP Food'!A:B,1,0) -> 170637
A6: 128425 | B6: FR | C6: Франция | D6: 5603149000 | E6: =VLOOKUP(A6,'VP Food'!A:B,1,0) -> 128425
A7: 143590 | B7: NL | C7: Нидерланды | D7: 5903901000 | E7: =VLOOKUP(A7,'VP Food'!A:B,1,0) -> 143590
A8: 143591 | B8: NL | C8: Нидерланды | D8: 5903901000 | E8: =VLOOKUP(A8,'VP Food'!A:B,1,0) -> 143591
A9: 143592 | B9: NL | C9: Нидерланды | D9: 5903901000 | E9: =VLOOKUP(A9,'VP Food'!A:B,1,0) -> 143592
A10: 143593 | B10: NL | C10: Нидерланды | D10: 5903901000 | E10: =VLOOKUP(A10,'VP Food'!A:B,1,0) -> 143593
A11: 174046 | B11: CN | C11: Китай | D11: 5903901000 | E11: =VLOOKUP(A11,'VP Food'!A:B,1,0) -> 174046
A12: 174048 | B12: CN | C12: Китай | D12: 5903901000 | E12: =VLOOKUP(A12,'VP Food'!A:B,1,0) -> 174048
A13: 174072 | B13: CN | C13: Китай | D13: 5903901000 | E13: =VLOOKUP(A13,'VP Food'!A:B,1,0) -> 174072
... A234: 160559 | B234: TR | C234: Турция | D234: 7616999008 | E234: =VLOOKUP(A234,'VP Food'!A:B,1,0) -> 160559
A235: 160559 брендированные | B235: TR | C235: Турция | D235: 7616999008 | E235: =VLOOKUP(A235,'VP Food'!A:B,1,0) -> 160559 брендированные
A236: 160557 | B236: TR | C236: Турция | D236: 7616999008 | E236: =VLOOKUP(A236,'VP Food'!A:B,1,0) -> 160557
A237: 160557 брендированные | B237: TR | C237: Турция | D237: 7616999008 | E237: =VLOOKUP(A237,'VP Food'!A:B,1,0) -> 160557 брендированные
A238: 534459 | B238: IT | C238: Италия | D238: 3926909709 | E238: =VLOOKUP(A238,'VP Food'!A:B,1,0) -> 534459
A239: 534436 | B239: IT | C239: Италия | D239: 3926909709 | E239: =VLOOKUP(A239,'VP Food'!A:B,1,0) -> 534436
A240: 534458 | B240: IT | C240: Италия | D240: 3926909709 | E240: =VLOOKUP(A240,'VP Food'!A:B,1,0) -> 534458
A241: 160681 | B241: CZ | C241: Чехия | D241: 3926909709 | E241: =VLOOKUP(A241,'VP Food'!A:B,1,0) -> 160681
A242: 514792 | B242: RU | C242: Россия | D242: 6307909800 | E242: =VLOOKUP(A242,'VP Food'!A:B,1,0) -> 514792
A243: 120820 | B243: IT | C243: Италия | D243: 7326909807 | E243: =VLOOKUP(A243,'VP Food'!A:B,1,0) -> 120820
A244: 120810 | B244: IT | C244: Италия | D244: 3926909709 | E244: =VLOOKUP(A244,'VP Food'!A:B,1,0) -> 120810
A245: 120809 | B245: IT | C245: Италия | D245: 3926909709 | E245: =VLOOKUP(A245,'VP Food'!A:B,1,0) -> 120809
A246: 145150 | B246: RU | C246: Россия | D246: 8716800000 | E246: =VLOOKUP(A246,'VP Food'!A:B,1,0) -> 145150
A247: 145117 | B247: RU | C247: Россия | D247: 8716800000 | E247: =VLOOKUP(A247,'VP Food'!A:B,1,0) -> 145117
A248: 145119 | B248: RU | C248: Россия | D248: 8716800000 | E248: =VLOOKUP(A248,'VP Food'!A:B,1,0) -> 145119
A249: 143731 | B249: RU | C249: Россия | D249: 6307909800 | E249: =VLOOKUP(A249,'VP Food'!A:B,1,0) -> 143731
... A260: 509265 | B260: IT | C260: Италия | D260: 3926909709 | E260: =VLOOKUP(A260,'VP Food'!A:B,1,0) -> 509265
A261: 513239 | B261: RU | C261: Россия | D261: - | E261: =VLOOKUP(A261,'VP Food'!A:B,1,0) -> 513239
A262: 509264 | B262: IT | C262: Италия | D262: 3926909709 | E262: =VLOOKUP(A262,'VP Food'!A:B,1,0) -> 509264
A263: 166390 | B263: RU | C263: Россия | D263: 9603909900 | E263: =VLOOKUP(A263,'VP Food'!A:B,1,0) -> 166390
A264: 100813 | B264: IT | C264: Италия | D264: 9603909900 | E264: =VLOOKUP(A264,'VP Food'!A:B,1,0) -> 100813
A265: 100812 | B265: IT | C265: Италия | D265: 9603909900 | E265: =VLOOKUP(A265,'VP Food'!A:B,1,0) -> 100812
A266: 500208 | B266: IT | C266: Италия | D266: 6307109000 | E266: =VLOOKUP(A266,'VP Food'!A:B,1,0) -> 500208
A267: 500207 | B267: IT | C267: Италия | D267: 6307109000 | E267: =VLOOKUP(A267,'VP Food'!A:B,1,0) -> 500207
A268: 500210 | B268: IT | C268: Италия | D268: 9603909900 | E268: =VLOOKUP(A268,'VP Food'!A:B,1,0) -> 500210
A269: 500209 | B269: IT | C269: Италия | D269: 9603909900 | E269: =VLOOKUP(A269,'VP Food'!A:B,1,0) -> 500209
A270: 500117 | B270: IT | C270: Италия | D270: 7616999008 | E270: =VLOOKUP(A270,'VP Food'!A:B,1,0) -> 500117
A271: 500116 | B271: IT | C271: Италия | D271: 7616999008 | E271: =VLOOKUP(A271,'VP Food'!A:B,1,0) -> 500116
A272: 500115 | B272: IT | C272: Италия | D272: 7616999008 | E272: =VLOOKUP(A272,'VP Food'!A:B,1,0) -> 500115
A273: 500118 | B273: IT | C273: Италия | D273: 3926909709 | E273: =VLOOKUP(A273,'VP Food'!A:B,1,0) -> 500118
... A435: 526862 | B435: CN | C435: Китай | D435: 0 | E435: =VLOOKUP(A435,'VP Food'!A:B,1,0) -> 526862
